| TOP OF THE 1ST |
|
Montreal Expos batting - Pitching for Chicago Cubs : RHP Ray Burris
|
|
Pitching: RHP Ray Burris
|
|
|
Batting: LHB Duane Walker
|
0-0: Foul Ball, location: 2F 0-1: SINGLE (Groundball, 4MS, EV 98.8 MPH)
|
|
Batting: SHB Garry Templeton
|
0-0: Ball 1-0: Sac Bunt to 3S - play at first, batter OUT! 3-4 Duane Walker to second
|
|
Batting: LHB Kirk Gibson
|
0-0: Called Strike 0-1: Called Strike 0-2: Ball 1-2: Foul Ball, location: 2F 1-2: Foul Ball, location: 2F 1-2: Fly out, F7 (Flyball, 7, EV 88.8 MPH)
|
|
Batting: RHB Dale Murphy
|
0-0: SINGLE (Groundball, 6MD, EV 107.5 MPH) Duane Walker to third Runner from 3rd tries for Home, SAFE, throw by CF to home
|
|
Batting: RHB Dave Winfield
|
0-0: Called Strike 0-1: Ball 1-1: Called Strike 1-2: Foul Ball, location: 2F 1-2: Ground out 4-3 (Groundball, 34, EV 106.3 MPH)
|
| Top of the 1st over - 1 run, 2 hits, 0 errors, 1 left on base; Montreal 1 - Chicago 0 |
| BOTTOM OF THE 1ST |
|
Chicago Cubs batting - Pitching for Montreal Expos : LHP Frank Tanana
|
|
Pitching: LHP Frank Tanana
|
|
|
Batting: RHB Gary Ward
|
0-0: Called Strike 0-1: Ball 1-1: Ground out 5-3 (Groundball, 56, EV 96.3 MPH)
|
|
Batting: RHB Fran Mullins
|
0-0: Called Strike 0-1: Ball 1-1: Ball 2-1: Fly out, F7 (Flyball, 7LD, EV 86.3 MPH)
|
|
Batting: RHB Lonnie Smith
|
0-0: Called Strike 0-1: Foul Ball, location: 2F 0-2: Ball 1-2: Strikes out swinging
|
| Bottom of the 1st over - 0 runs, 0 hits, 0 errors, 0 left on base; Montreal 1 - Chicago 0 |
| TOP OF THE 2ND |
|
Montreal Expos batting - Pitching for Chicago Cubs : RHP Ray Burris
|
|
Batting: LHB Timnothy Meyer
|
0-0: Swinging Strike 0-1: Fly out, F7 (Flyball, 78M, EV 86.3 MPH)
|
|
Batting: LHB Ernesto Quevedo
|
0-0: Ball 1-0: Fly out, F9 (Flyball, 9S, EV 93.8 MPH)
|
|
Batting: SHB Biff Pocoroba
|
0-0: Called Strike 0-1: SINGLE (Line Drive, 78S, EV 90.6 MPH)
|
|
Batting: LHB Frank Tanana
|
0-0: Foul Ball, location: 2F 0-1: Called Strike 0-2: Ball 1-2: Strikes out swinging
|
| Top of the 2nd over - 0 runs, 1 hit, 0 errors, 1 left on base; Montreal 1 - Chicago 0 |
| BOTTOM OF THE 2ND |
|
Chicago Cubs batting - Pitching for Montreal Expos : LHP Frank Tanana
|
|
Batting: RHB Jim Rice
|
0-0: Swinging Strike 0-1: Foul Ball, location: 2F 0-2: Strikes out looking
|
|
Batting: SHB Roy Smalley
|
0-0: Ball 1-0: Swinging Strike 1-1: Swinging Strike 1-2: Ball 2-2: Strikes out swinging, 2-3 out at first.
|
|
Batting: RHB Randy Ready
|
0-0: Foul Ball, location: 2F 0-1: Foul Ball, location: 2F 0-2: Ball 1-2: Strikes out swinging
|
| Bottom of the 2nd over - 0 runs, 0 hits, 0 errors, 0 left on base; Montreal 1 - Chicago 0 |
| TOP OF THE 3RD |
|
Montreal Expos batting - Pitching for Chicago Cubs : RHP Ray Burris
|
|
Batting: LHB Duane Walker
|
0-0: Swinging Strike 0-1: Swinging Strike 0-2: Foul Ball, location: 2F 0-2: Fly out, F9 (Flyball, 9D, EV 98.8 MPH)
|
|
Batting: SHB Garry Templeton
|
0-0: Called Strike 0-1: Ball 1-1: Ball 2-1: Foul Ball, location: 2F 2-2: SINGLE (Flyball, 34D, EV 83.8 MPH)
|
|
Batting: LHB Kirk Gibson
|
0-0: Called Strike 0-1: Fielders Choice at 2nd, 4-6 (Groundball, 4, EV 91.3 MPH)
|
|
Batting: RHB Dale Murphy
|
0-0: Ball 1-0: Ball 2-0: Called Strike 2-1: Fielders Choice at 2nd, 5-4 (Groundball, 5L, EV 83.8 MPH)
|
| Top of the 3rd over - 0 runs, 1 hit, 0 errors, 1 left on base; Montreal 1 - Chicago 0 |
| BOTTOM OF THE 3RD |
|
Chicago Cubs batting - Pitching for Montreal Expos : LHP Frank Tanana
|
|
Batting: RHB Willie Randolph
|
0-0: Ball 1-0: SINGLE (Line Drive, 6M, EV 98.8 MPH)
|
|
Batting: RHB Bob Brenly
|
0-0: Ball Willie Randolph steals 2nd base 1-0: Ball 2-0: Ball 3-0: Base on Balls
|
|
Batting: RHB Ray Burris
|
0-0: Bunted foul 0-1: Called Strike Willie Randolph steals 3rd base Bob Brenly to second 0-2: Ball 1-2: Fly out, F3 (Popup, 3F, EV 40.0 MPH)
|
|
Batting: RHB Gary Ward
|
0-0: Called Strike 0-1: Ground out 6-3 (Groundball, 6, EV 96.9 MPH) Willie Randolph scores
|
|
Batting: RHB Fran Mullins
|
0-0: Ball 1-0: Ball 2-0: Called Strike 2-1: Ball 3-1: Base on Balls
|
|
Batting: RHB Lonnie Smith
|
0-0: Ball 1-0: Ball 2-0: Ball 3-0: Base on Balls Bob Brenly to third Fran Mullins to second
|
|
Batting: RHB Jim Rice
|
0-0: Called Strike 0-1: Foul Ball, location: 2F 0-2: Ball 1-2: Foul Ball, location: 2F 1-2: Ball 2-2: Foul Ball, location: 2F 2-2: Ball 3-2: Fly out, F6 (Popup, 6M, EV 61.9 MPH)
|
| Bottom of the 3rd over - 1 run, 1 hit, 0 errors, 3 left on base; Montreal 1 - Chicago 1 |
| TOP OF THE 4TH |
|
Montreal Expos batting - Pitching for Chicago Cubs : RHP Ray Burris
|
|
Batting: RHB Dave Winfield
|
0-0: Ball 1-0: Called Strike 1-1: Ball 2-1: Called Strike 2-2: Fly out, F9 (Flyball, 9, EV 85.6 MPH)
|
|
Batting: LHB Timnothy Meyer
|
0-0: Called Strike 0-1: Called Strike 0-2: Strikes out swinging
|
|
Batting: LHB Ernesto Quevedo
|
0-0: Called Strike 0-1: Ball 1-1: Ball 2-1: Ground out 4-3 (Groundball, 4, EV 81.9 MPH)
|
| Top of the 4th over - 0 runs, 0 hits, 0 errors, 0 left on base; Montreal 1 - Chicago 1 |
| BOTTOM OF THE 4TH |
|
Chicago Cubs batting - Pitching for Montreal Expos : LHP Frank Tanana
|
|
Batting: SHB Roy Smalley
|
0-0: Swinging Strike 0-1: Foul Ball, location: 2F 0-2: Ball 1-2: DOUBLE (Flyball, 8RXD, EV 108.8 MPH)
|
|
Batting: RHB Randy Ready
|
0-0: Ball 1-0: Foul Ball, location: 2F 1-1: Swinging Strike 1-2: Strikes out looking
|
|
Batting: RHB Willie Randolph
|
0-0: Ball 1-0: Swinging Strike 1-1: Called Strike 1-2: Ball 2-2: Fly out, F8 (Flyball, 89S, EV 86.9 MPH)
|
|
Batting: RHB Bob Brenly
|
0-0: Swinging Strike 0-1: Ball 1-1: Ball 2-1: Foul Ball, location: 2F 2-2: Foul Ball, location: 2F 2-2: Strikes out looking
|
| Bottom of the 4th over - 0 runs, 1 hit, 0 errors, 1 left on base; Montreal 1 - Chicago 1 |
| TOP OF THE 5TH |
|
Montreal Expos batting - Pitching for Chicago Cubs : RHP Ray Burris
|
|
Batting: SHB Biff Pocoroba
|
0-0: Called Strike 0-1: Ball 1-1: Ball 2-1: Ball 3-1: Called Strike 3-2: Fly out, F9 (Line Drive, 9, EV 96.3 MPH)
|
|
Batting: LHB Frank Tanana
|
0-0: Foul Ball, location: 2F 0-1: Foul Ball, location: 2F 0-2: SINGLE (Groundball, 34D, EV 95.0 MPH)
|
|
Batting: LHB Duane Walker
|
0-0: Swinging Strike 0-1: Ball 1-1: Ball 2-1: Ball 3-1: Called Strike 3-2: DOUBLE (Line Drive, 5D, EV 95.0 MPH) Frank Tanana to third
|
|
Batting: SHB Garry Templeton
|
0-0: DOUBLE (Line Drive, 89D, EV 110.6 MPH) Frank Tanana scores Duane Walker scores
|
|
Batting: LHB Kirk Gibson
|
0-0: Ball 1-0: Swinging Strike 1-1: Ball 2-1: Ground out 4-3 (Groundball, 4, EV 81.3 MPH) Garry Templeton to third
|
|
Batting: RHB Dale Murphy
|
0-0: Ball 1-0: Called Strike 1-1: Foul Ball, location: 2F 1-2: Ball 2-2: Ball 3-2: Base on Balls
|
|
Batting: RHB Dave Winfield
|
0-0: Called Strike 0-1: Ball 1-1: DOUBLE (Line Drive, 78M, EV 91.3 MPH) Garry Templeton scores Dale Murphy to third Runner from 3rd tries for Home, SAFE, throw by CF to home
|
|
Batting: LHB Timnothy Meyer
|
0-0: Foul Ball, location: 2F 0-1: Ball 1-1: Fly out, F8 (Flyball, 89XD, EV 92.5 MPH)
|
| Top of the 5th over - 4 runs, 4 hits, 0 errors, 1 left on base; Montreal 5 - Chicago 1 |
| BOTTOM OF THE 5TH |
|
Chicago Cubs batting - Pitching for Montreal Expos : LHP Frank Tanana
|
|
Batting: RHB Ray Burris
|
0-0: Swinging Strike 0-1: Swinging Strike 0-2: Strikes out looking
|
|
Batting: RHB Gary Ward
|
0-0: Foul Ball, location: 2F 0-1: Ball 1-1: Ball 2-1: Ball 3-1: Foul Ball, location: 2F 3-2: Base on Balls
|
|
Batting: RHB Fran Mullins
|
0-0: Called Strike 0-1: Fly out, F8 (Flyball, 8LM, EV 84.4 MPH)
|
|
Batting: RHB Lonnie Smith
|
0-0: Called Strike 0-1: Called Strike 0-2: Ball 1-2: Foul Ball, location: 2F 1-2: Ball 2-2: Fly out, F9 (Line Drive, 9, EV 96.9 MPH)
|
| Bottom of the 5th over - 0 runs, 0 hits, 0 errors, 1 left on base; Montreal 5 - Chicago 1 |
| TOP OF THE 6TH |
|
Montreal Expos batting - Pitching for Chicago Cubs : RHP Ray Burris
|
|
Batting: LHB Ernesto Quevedo
|
0-0: Foul Ball, location: 2F 0-1: Ground out 6-3 (Groundball, 6, EV 78.8 MPH)
|
|
Batting: SHB Biff Pocoroba
|
0-0: Swinging Strike 0-1: Called Strike 0-2: Fly out, F6 (Popup, 6D, EV 50.6 MPH)
|
|
Batting: LHB Frank Tanana
|
0-0: Ball 1-0: Ball 2-0: Foul Ball, location: 2F 2-1: Swinging Strike 2-2: Strikes out looking
|
| Top of the 6th over - 0 runs, 0 hits, 0 errors, 0 left on base; Montreal 5 - Chicago 1 |
| BOTTOM OF THE 6TH |
|
Chicago Cubs batting - Pitching for Montreal Expos : LHP Frank Tanana
|
|
Batting: RHB Jim Rice
|
0-0: Called Strike 0-1: Swinging Strike 0-2: Ball 1-2: Fly out, F5 (Popup, 5SF, EV 77.5 MPH)
|
|
Batting: SHB Roy Smalley
|
0-0: Ball 1-0: Foul Ball, location: 2F 1-1: Swinging Strike 1-2: Ball 2-2: Ball 3-2: Foul Ball, location: 2F 3-2: Ground out 5-3 (Groundball, 56, EV 98.1 MPH)
|
|
Batting: RHB Randy Ready
|
0-0: Called Strike 0-1: Ball 1-1: Ball 2-1: Ball 3-1: Base on Balls
|
|
Batting: RHB Willie Randolph
|
0-0: Ball 1-0: Called Strike 1-1: SINGLE (Line Drive, 4D, EV 94.4 MPH) Randy Ready to second Runner from 2nd tries for 3rd, SAFE, no throw by CF
|
|
Batting: RHB Bob Brenly
|
0-0: Fly out, F7 (Flyball, 7LD, EV 91.9 MPH)
|
| Bottom of the 6th over - 0 runs, 1 hit, 0 errors, 2 left on base; Montreal 5 - Chicago 1 |
| TOP OF THE 7TH |
|
Montreal Expos batting - Pitching for Chicago Cubs : RHP Ray Burris
|
|
Batting: LHB Duane Walker
|
0-0: Ball 1-0: Foul Ball, location: 2F 1-1: Ground out 3-1 (Groundball, 34, EV 103.8 MPH)
|
|
Batting: SHB Garry Templeton
|
0-0: Foul Ball, location: 2F 0-1: Ground out 1-3 (Groundball, 34S, EV 66.9 MPH)
|
|
Batting: LHB Kirk Gibson
|
0-0: Called Strike 0-1: Ball 1-1: Foul Ball, location: 2F 1-2: Fly out, F9 (Flyball, 9LM, EV 89.4 MPH)
|
| Top of the 7th over - 0 runs, 0 hits, 0 errors, 0 left on base; Montreal 5 - Chicago 1 |
| BOTTOM OF THE 7TH |
|
Chicago Cubs batting - Pitching for Montreal Expos : LHP Frank Tanana
|
|
Batting: RHB Ray Burris
|
0-0: Ball 1-0: Called Strike 1-1: Ball 2-1: Ball 3-1: Base on Balls
|
|
Batting: RHB Gary Ward
|
0-0: Swinging Strike 0-1: Called Strike 0-2: DOUBLE (Line Drive, 3D, EV 101.3 MPH) Ray Burris to third Runner from 3rd tries for Home, throw by RF and OUT! 9-2
|
|
Batting: RHB Fran Mullins
|
0-0: Ground out 3-1 (Groundball, 34, EV 83.8 MPH) Gary Ward to third
|
|
Batting: RHB Lonnie Smith
|
0-0: Ball 1-0: Ball 2-0: Ball 3-0: Called Strike 3-1: Foul Ball, location: 2F 3-2: Base on Balls
|
|
Batting: RHB Jim Rice
|
0-0: Foul Ball, location: 2F 0-1: TRIPLE (Line Drive, 7D, EV 100.6 MPH) Gary Ward scores Lonnie Smith scores
|
|
Batting: SHB Roy Smalley
|
0-0: Called Strike 0-1: Ball 1-1: Foul Ball, location: 2F 1-2: Ball 2-2: Fly out, F9 (Flyball, 89D, EV 93.1 MPH)
|
| Bottom of the 7th over - 2 runs, 2 hits, 0 errors, 1 left on base; Montreal 5 - Chicago 3 |
| TOP OF THE 8TH |
|
Montreal Expos batting - Pitching for Chicago Cubs : RHP Ray Burris
|
|
Batting: RHB Dale Murphy
|
0-0: Called Strike 0-1: Ball 1-1: Foul Ball, location: 2F 1-2: Fly out, F3 (Flyball, 3D, EV 83.1 MPH)
|
|
Batting: RHB Dave Winfield
|
0-0: Ground out 4-3 (Groundball, 4, EV 97.5 MPH)
|
|
Batting: LHB Timnothy Meyer
|
0-0: Called Strike 0-1: Swinging Strike 0-2: Ball 1-2: SINGLE (Groundball, 34D, EV 111.3 MPH)
|
|
Batting: LHB Ernesto Quevedo
|
0-0: Called Strike 0-1: Called Strike 0-2: Foul Ball, location: 2F 0-2: Ball 1-2: Fly out, F5 (Popup, 25F, EV 85.6 MPH)
|
| Top of the 8th over - 0 runs, 1 hit, 0 errors, 1 left on base; Montreal 5 - Chicago 3 |
| BOTTOM OF THE 8TH |
|
Chicago Cubs batting - Pitching for Montreal Expos : LHP Frank Tanana
|
|
Batting: RHB Randy Ready
|
0-0: Ball 1-0: Called Strike 1-1: Foul Ball, location: 2F 1-2: Ground out 4-3 (Groundball, 13, EV 86.3 MPH)
|
|
Batting: RHB Willie Randolph
|
0-0: Called Strike 0-1: Fly out, F4 (Flyball, 34D, EV 78.8 MPH)
|
|
Batting: RHB Bob Brenly
|
0-0: Swinging Strike 0-1: Ball 1-1: Swinging Strike 1-2: Ball 2-2: Ball 3-2: Strikes out looking
|
| Bottom of the 8th over - 0 runs, 0 hits, 0 errors, 0 left on base; Montreal 5 - Chicago 3 |
| TOP OF THE 9TH |
|
Montreal Expos batting - Pitching for Chicago Cubs : RHP Ray Burris
|
|
Batting: SHB Biff Pocoroba
|
0-0: Ball 1-0: Ball 2-0: Fly out, F8 (Flyball, 8LD, EV 95.6 MPH)
|
|
Pinch Hitting: LHB Guonçalo Fernandes
|
0-0: Ball 1-0: Foul Ball, location: 2F 1-1: Called Strike 1-2: SINGLE (Flyball, 56D, EV 91.9 MPH)
|
|
Batting: LHB Duane Walker
|
0-0: Called Strike 0-1: Ball 1-1: Swinging Strike 1-2: Ball Guonçalo Fernandes steals 2nd base 2-2: Foul Ball, location: 2F 2-2: Fly out, F9 (Flyball, 9S, EV 80.0 MPH)
|
|
Pitching: RHP Robert Weismiller
|
|
|
Batting: SHB Garry Templeton
|
0-0: Foul Ball, location: 2F 0-1: Swinging Strike 0-2: Foul Ball, location: 2F 0-2: Ground out 4-3 (Groundball, 4, EV 106.9 MPH)
|
| Top of the 9th over - 0 runs, 1 hit, 0 errors, 1 left on base; Montreal 5 - Chicago 3 |
| BOTTOM OF THE 9TH |
|
Chicago Cubs batting - Pitching for Montreal Expos : LHP Frank Tanana
|
|
Pitching: RHP Rollie Fingers
|
|
|
Now at 2B: Alex Ortiz
|
|
|
Now in LF: Guonçalo Fernandes
|
|
|
Now in RF: Luis Sanchez
|
|
|
Pinch Hitting: LHB Dave Bergman
|
0-0: Ball 1-0: Called Strike 1-1: Ground out 4-3 (Groundball, 4, EV 97.5 MPH)
|
|
Batting: RHB Gary Ward
|
0-0: Swinging Strike 0-1: Ball 1-1: Foul Ball, location: 2F 1-2: SINGLE (Groundball, 6MD, EV 103.8 MPH)
|
|
Pinch Hitting: LHB Johnny Grubb
|
0-0: Ball 1-0: Ball 2-0: Foul Ball, location: 2F 2-1: Foul Ball, location: 2F 2-2: Fly out, F8 (Flyball, 8LS, EV 95.0 MPH)
|
|
Batting: RHB Lonnie Smith
|
0-0: Ball 1-0: Ball 2-0: Called Strike 2-1: Foul Ball, location: 2F 2-2: Foul Ball, location: 2F 2-2: Ball 3-2: Strikes out swinging
|
| Bottom of the 9th over - 0 runs, 1 hit, 0 errors, 1 left on base; Montreal 5 - Chicago 3 |
|